Match 47386699
Unlisted

Match 47386699
End
Selects Italian Combined Arms Battlegroup
Selects Bersaglieri Squad
Bersaglieri Squad
Kradschützen Motorcycle Team
Bersaglieri Squad
Bersaglieri Squad
Construct Light Support Kompanie
Selects Bersaglieri Bolster
Fire Support Elements
Flakvierling Half-track
Vehicle Survival Package
Selects Breda Model 30 Light Machine Guns
Tungsten Core Ammunition
2.5-tonne Medical Truck
Pak 38 Mechanized Group
Construct Panzerarmee Kommand
Emergency Repair Kits
Selects Semovente da 75/18 Assault Gun
Selects Strafing Run
Strafing Run
Panzer III L Medium Tank
Panzer III L Medium Tank
Bersaglieri Squad
Selects Artillery Cover
Strafing Run
Panzer III L Medium Tank
Strafing Run
Assault Mechanized Group
Panzer III L Medium Tank
Strafing Run
Armored Reserves
Selects Artillery Cover
Artillery Cover
Rapid Advance
Advanced Optics
Bersaglieri Squad
Strafing Run
Tiger Heavy Tank
[RN] Friedus
Mr.Faraam
Sp1tzbua
大连风峣+8615842404475
BANTENG RAIDER
Dark Angels
Tirant
adobe gifler
0
0

Comments sign in to comment!

No comments posted yet!